 Dungeon Crawl Stone Soup version 0.31-a0-210-gccc998df9b (webtiles) character file.

Game seed: 1273573754928121204

16 qw the Shooter (level 2, -1/24 HPs)
             Began as a Minotaur Hexslinger on June 30, 2023.
             Succumbed to an adder's poison
             ... on level 2 of the Dungeon.
             The game lasted 00:00:16 (859 turns).

qw the Shooter (Minotaur Hexslinger)                 Turns: 859, Time: 00:00:17

Health: -1/24      AC:  5    Str: 12    XL:     2   Next: 41%
Magic:  2/2        EV: 10    Int: 10    God:
Gold:   19         SH:  0    Dex: 12    Spells: 2/3 levels left

rFire   . . .        Y - +1 sling
rCold   . . .        (no shield)
rNeg    . . .        d - +0 ring mail
rPois   .            (helmet restricted)
rElec   .            (no cloak)
rCorr   .            (no gloves)
SInv    .            (no boots)
Will    .....        (no amulet)
Stlth   +            (no ring)
HPRegen 0.24/turn    (no ring)
MPRegen 0.08/turn

%: no passive effects
@: lethally poisoned (-1 -> -8)
A: horns 2, retaliatory headbutt
a: no special abilities


You were on level 2 of the Dungeon.
You visited 1 branch of the dungeon, and saw 2 of its levels.

You collected 19 gold pieces.


Innate Abilities, Weirdness & Mutations

You have a pair of horns on your head.
You reflexively headbutt those who attack you in melee.


   Skills:
 - Level 2.0 Fighting
 + Level 3.1 Ranged Weapons
 - Level 2.1 Dodging
 - Level 1.0 Spellcasting
 - Level 2.0 Hexes


You had 2 spell levels left.
You knew the following spells:

 Your Spells              Type           Power      Damage    Failure   Level
a - Slow                  Hex            16%        N/A       34%         1

Your spell library contained the following spells:

 Spells                   Type           Power      Damage    Failure   Level
 Inner Flame              Hex/Fire       2%         N/A       83%         3
 Portal Projectile        Hex/Tloc       4%         N/A       83%         3
 Cause Fear               Hex            2%         N/A       98%         4

Inventory:

Hand Weapons
 Y - a +1 sling (weapon)
Armour
 d - a +0 ring mail (worn)
Jewellery
 f - a ring of fire
Scrolls
 a - a scroll of teleportation {unknown}

Dungeon Overview and Level Annotations

Branches:
Dungeon (2/15)

Altars:


Message History

You shoot a sling bullet.
The sling bullet barely misses the adder.
You shoot a sling bullet.
The sling bullet closely misses the adder.
The adder barely misses you. The adder closely misses you.
You furiously retaliate!
You headbutt the adder. You shoot a sling bullet.
The sling bullet barely misses the adder.
The adder bites you but does no damage.
You shoot a sling bullet.
The sling bullet completely misses the adder.
The adder bites you.
You are poisoned.
The adder poisons you! The adder bites you but does no damage.
You shoot a sling bullet. The sling bullet misses the adder.
You feel very sick. The adder misses you. The adder barely misses you.
You shoot a sling bullet.
The sling bullet barely misses the adder.
You feel sick. The adder closely misses you. x2
You shoot a sling bullet. The sling bullet hits the adder.
The adder is almost dead.
You feel sick. The adder barely misses you. The adder closely misses you.
You shoot a sling bullet.
The sling bullet hits the adder but does no damage.
The adder is almost dead.
You feel sick. The adder bites you.
You are more poisoned.
The adder poisons you! The adder bites you but does no damage.
You shoot a sling bullet. The sling bullet misses the adder.
You feel sick. The adder bites you.
You shoot a sling bullet.
The sling bullet barely misses the adder.
You feel sick. The adder barely misses you. The adder bites you.
You shoot a sling bullet. The sling bullet misses the adder.
You feel sick. The adder bites you. x2
You are more poisoned.
The adder poisons you!
You shoot a sling bullet. The sling bullet misses the adder.
You die...

#..%...........
##.#######.#### #.# #.#
##'## #.# ##...## #.#
##.....## #.###
##..<....## #.#.##
...####.........###....#
......S@........'.......
...####.........###....#
##.......## #.#.##
##>....## #.### ##...##
#.# ##'## #.#### #.#
#.#... #<# #..... ##.##
###...


You could see an adder.

Vanquished Creatures
  An endoplasm (D:1)
  2 quokkas (D:1)
  3 ball pythons
  4 bats (D:1)
  2 frilled lizards (D:1)
  3 goblins (D:1)
  A kobold (D:2)
  A rat (D:1)
17 creatures vanquished.

Notes
Turn   | Place    | Note
-------+----------+-------------------------------------------
     0 | D:1      | qw the Minotaur Hexslinger began the quest for the Orb.
     0 | D:1      | Reached XP level 1. HP: 16/16 MP: 1/1
     0 | D:1      | 0 ||| qw: Version: 0.3-a-26-gee661ec
     0 | D:1      | 0 ||| qw: Game counter: 7289
     0 | D:1      | 0 ||| qw: Melee chars always use a shield: true
     0 | D:1      | 0 ||| qw: God list: Okawaru
     0 | D:1      | 0 ||| qw: Allow faded altars: false
     0 | D:1      | 0 ||| qw: Do Orc after clearing Dungeon:15 true
     0 | D:1      | 0 ||| qw: Do second Lair branch before Depths: true
     0 | D:1      | 0 ||| qw: Lair rune preference: random
     0 | D:1      | 0 ||| qw: Goals: Normal
     0 | D:1      | 0 ||| PLANNING D:1-11
   277 | D:1      | Reached skill level 3 in Ranged Weapons
   292 | D:1      | Reached XP level 2. HP: 23/23 MP: 2/2
   680 | D:1      | 680 ||| UPGRADING to +0 ring mail.
   690 | D:1      | 690 ||| DROPPING +0 robe.
   691 | D:1      | 691 ||| READING scroll labelled FEMIGO XICO.
   692 | D:1      | 692 ||| READING scroll labelled VOSUEG RILIZ.
   693 | D:1      | 693 ||| DRINKING 2 smoky cyan potions.
   699 | D:1      | 699 ||| DROPPING scroll of poison.
   700 | D:1      | 700 ||| DROPPING potion of ambrosia.
   858 | D:2      | HP: 4/24 [adder (4)]
   859 | D:2      | Succumbed to an adder's poison

Levels and vault maps discovered:
D:1:      dpeg_arrival_court, layout_loops_ring, hangedman_abyss_or_decor_stabs
D:2:      layout_loops_corners

Skill      XL: |  1  2 |
---------------+-------+-----
Ranged Weapons | 3 |  3.1
Fighting       | 2 |  2.0
Dodging        | |  2.1
Spellcasting   | |  1.0
Hexes          | |  2.0

Action                     || total
---------------------------++-------
   Fire: Sling             ||    59
    Use: Scroll            ||     2
         Potion            ||     1
 Armour: Robe              ||     1
         Ring mail         ||     3
  Dodge: Dodged            ||    22

Table legend:
 A = Non-vault XP
 B = Vault XP
 C = Vault XP percentage of total XP
 D = Non-vault monster count
 E = Vault monster count
 F = Vault count percentage of total count
                 A         B        C        D         E       F
            +---------+---------+-------+---------+---------+-------
      Total |      24 |       0 |   0.0 |      17 |       0 |   0.0
            +---------+---------+-------+---------+---------+-------
        D:1 |      22 |       0 |   0.0 |      15 |       0 |   0.0
        D:2 |       2 |       0 |   0.0 |       2 |       0 |   0.0
            +---------+---------+-------+---------+---------+-------
